Map: Whispers of Gold

Players

Constantine - Winner!

  • Race: Protoss Protoss
  • League: Gold
  • Spawn Location: 5:00

WeAreLegion

  • Race: Terran Terran
  • League: Silver
  • Spawn Location: 9:00

VOD

Have the link to the VOD?

Description

Time

  • Played on: Dec. 8, 2024, 12:19 a.m.
  • Length: 16:01
Show
View Real Time Build Order
Export as new Build Order

Constantine Protoss - Winner!

Build Orders:  

Get SALT Encoding   

  12  0:00  Probe  
  13  0:16  Pylon  
  13  0:18  Probe  
  14  0:26  Probe  
  14  0:35  Probe  
  15  0:42  Assimilator  
  16  0:53  Gateway  
  16  1:01  Gateway  
  16  1:08  Probe  
  16  1:16  Probe  
  17  1:22  Pylon  
  17  1:24  Assimilator  
  18  1:26  Probe  
  19  1:39  Forge  
  19  1:42  Zealot  
  21  1:48  Zealot  
  23  2:00  Pylon  
  23  2:06  Probe  
  24  2:12  Zealot  
  26  2:18  Probe  
  27  2:24  Zealot  
  29  2:30  Probe  
  29  2:33  Photon Cannon  
  30  2:49  Cybernetics Core  
  30  2:56  Probe  
  30  3:04  Probe  
  34  3:12  Zealot  
  34  3:13  Probe  
  34  3:16  Zealot  
  37  3:25  Probe  
  38  3:37  Probe  
  38  3:39  Nexus  
  39  3:46  Pylon  
  39  4:03  Warp Gate  
  39  4:08  Stalker, Pylon  
  39  4:09  Stalker  
  43  4:22  Pylon  
  43  4:26  Pylon  
  43  4:39  Photon Cannon  
  43  4:40  Shield Battery  
  43  5:06  Robotics Facility  
  44  5:07  Probe x2  
  45  5:26  Zealot, Photon Cannon  
  47  5:29  Photon Cannon  
  47  5:32  Photon Cannon  
  45  6:07  Immortal  
  45  6:08  Stalker  
  45  6:09  Zealot  
  53  6:14  Twilight Council  
  53  6:18  Gateway  
  53  6:25  Gateway  
  53  6:37  Charge, Stalker  
  53  6:38  Zealot  
  57  6:46  Probe x2  
  59  6:52  Pylon  
  59  6:55  Pylon  
  59  6:58  Probe x2  
  61  7:06  Photon Cannon  
  61  7:09  Photon Cannon  
  61  7:16  Robotics Bay  
  61  7:20  Stalker x3  
  61  7:22  Zealot  
  69  7:27  Observer  
  70  7:35  Probe  
  70  7:36  Probe  
  72  7:39  Assimilator  
  72  7:40  Assimilator  
  72  7:45  Photon Cannon  
  72  7:46  Shield Battery  
  72  7:51  Stalker  
  74  7:52  Zealot  
  74  7:53  Extended Thermal Lance  
  76  8:00  Colossus  
  82  8:18  Zealot  
  82  8:19  Zealot  
  86  8:20  Zealot  
  88  8:29  Probe x2  
  88  8:30  Pylon  
  90  8:41  Probe  
  90  8:42  Probe  
  72  10:02  Immortal  
  77  10:07  Probe x2  
  78  10:19  Probe  
  79  10:24  Stalker x2  
  79  10:25  Stalker x2  
  87  10:41  Gateway, Probe x2  
  89  10:44  Gateway  
  89  10:45  Gateway  
  89  10:46  Gateway  
  71  11:39  Stalker x4  
  59  11:56  Blink  
  56  12:11  Pylon  
  56  12:20  Colossus  
  56  12:23  Stalker x3  
  56  12:24  Stalker x5  
  72  12:36  Robotics Facility  
  78  12:54  Protoss Ground Weapons Level 1  
  78  12:59  Nexus  
  78  13:02  Pylon  
  78  13:06  Pylon  
  78  13:09  Pylon  
  78  13:13  Shield Battery  
  78  13:16  Shield Battery  
  78  13:19  Stalker x5  
  88  13:20  Stalker x3  
  94  13:32  Photon Cannon  
  94  13:33  Shield Battery  
  94  13:35  Photon Cannon  
  94  13:36  Pylon  
  94  13:47  Immortal  
  98  13:50  Zealot x7  
  98  13:51  Zealot  
  114  14:02  Pylon  
  114  14:08  Pylon  
  114  14:11  Pylon  
  114  14:14  Photon Cannon  
  114  14:16  Probe x3, Photon Cannon  
  117  14:30  Observer  
  117  14:35  Immortal x2  
  123  15:07  Stalker x4  
  123  15:08  Stalker x4  
Show
View Real Time Build Order
Export as new Build Order

WeAreLegion Terran 

Build Orders:  

Get SALT Encoding   

  12  0:00  SCV  
  13  0:13  SCV  
  14  0:17  Supply Depot  
  14  0:25  SCV  
  15  0:39  SCV  
  15  0:42  Barracks  
  16  0:46  Refinery  
  16  0:54  SCV  
  17  1:06  SCV  
  18  1:18  SCV  
  19  1:34  Orbital Command  
  19  1:39  Reaper  
  20  1:47  Supply Depot  
  20  2:02  SCV  
  20  2:06  Factory  
  21  2:12  Marine  
  21  2:14  SCV  
  23  2:21  Bunker  
  23  2:26  SCV  
  24  2:30  Barracks  
  24  2:36  Marine  
  25  2:38  SCV  
  26  2:50  SCV  
  27  2:53  Command Center  
  27  2:54  Marine  
  28  3:02  SCV  
  29  3:12  Factory Tech Lab  
  30  3:14  SCV  
  30  3:26  SCV  
  30  3:27  Barracks Reactor  
  31  3:40  Supply Depot  
  31  3:44  Supply Depot  
  31  3:57  Barracks Reactor  
  31  4:02  SCV, Siege Tank  
  35  4:14  SCV  
  36  4:19  Marine x2  
  38  4:26  SCV  
  38  4:28  Starport  
  39  4:32  Barracks  
  39  4:36  Orbital Command  
  40  4:38  SCV  
  40  4:41  Marine x2  
  42  4:51  Engineering Bay  
  41  5:02  SCV x2  
  41  5:04  Marine x3  
  41  5:05  Marine  
  41  5:06  Siege Tank  
  50  5:14  SCV  
  50  5:16  SCV  
  52  5:22  Marine x2  
  54  5:29  Refinery  
  54  5:38  SCV x2  
  56  5:43  Barracks Reactor  
  56  5:45  Refinery x2  
  56  5:47  Barracks Tech Lab  
  56  5:50  SCV, Medivac  
  58  6:02  SCV x2  
  58  6:03  Marine x3  
  62  6:14  Barracks  
  62  6:16  Stimpack  
  62  6:21  Barracks  
  62  6:23  SCV  
  63  6:27  Supply Depot x2  
  63  6:36  Missile Turret  
  63  6:37  Missile Turret  
  63  6:45  SCV x2  
  65  6:50  Supply Depot  
  65  6:51  Supply Depot, Marine x5, Command Center  
  65  6:53  Siege Tank  
  73  7:03  Missile Turret  
  73  7:09  Marine x2, Missile Turret  
  73  7:10  Marauder  
  73  7:14  Marine  
  73  7:15  Marine  
  79  7:17  Starport Tech Lab  
  79  7:19  Barracks Tech Lab, Barracks Reactor  
  79  7:24  Terran Infantry Weapons Level 1  
  79  7:25  Siege Tank  
  79  7:27  Marine x2  
  84  7:31  Marauder  
  86  7:53  Marauder  
  78  8:01  SCV x2, Marine x4  
  78  8:02  Marine, Marauder  
  78  8:04  Raven  
  89  8:13  SCV x2  
  89  8:14  Marauder  
  93  8:22  Combat Shield  
  93  8:24  Concussive Shells, Marauder  
  93  8:25  SCV x2  
  93  8:26  Marine x4  
  101  8:27  Marine x2  
  103  8:35  Marauder  
  103  8:37  SCV x2  
  107  8:45  Marauder  
  108  8:49  SCV x2  
  103  8:57  Marauder  
  87  9:06  Marauder  
  83  9:14  Siege Tank  
  73  9:18  Marauder  
  65  9:28  Marine x6, Marauder  
  61  9:39  Marauder  
  60  9:49  Marauder  
  62  10:01  Marauder  
  61  10:16  SCV  
  61  10:18  Command Center  
  59  10:22  Marine x5  
  59  10:23  Marine x3  
  59  10:24  Siege Tank  
  73  10:29  SCV  
  73  10:31  Medivac  
  73  10:41  SCV, Marauder x2  
  78  10:50  Marine  
  78  10:53  SCV  
  78  10:56  Siege Tank  
  83  11:01  Medivac  
  83  11:03  Marauder x2  
  81  11:05  SCV  
  76  11:24  Marauder  
  78  11:26  Marine x7  
  78  11:28  Siege Tank  
  88  11:44  Marine  
  80  12:35  SCV x2  
  82  12:47  SCV x2, Marine  
  75  12:59  SCV x2  
  77  13:11  SCV  
  70  13:42  Marine x2  
  70  13:43  Marine x6  
  70  13:45  Siege Tank  
  79  13:50  Viking  
  81  14:00  Marine x3  
  81  14:02  Marauder x2  
  88  14:12  Planetary Fortress  
  88  14:16  SCV  
  92  14:17  Siege Tank  
  92  14:23  Marauder  
  94  14:28  SCV  
  95  14:40  SCV  
  96  14:49  Siege Tank  
  96  14:52  SCV  
  100  14:58  Refinery x2  
  100  15:04  SCV  
Tags
 
Matchup
PvT
Replay Pack
December
Spawn Locations
Cross Positions
Add a new tag
Caveats
  • Supply blocks, unpowered buildings, or Contaminate may cause inaccurate times.
  • Supply counts are checked every 10 seconds.